 Dungeon Crawl Stone Soup version 0.24-a0-361-g57161393b2 (webtiles) character file.

Game seed: 6882692418681622110

15077 HAL9000 the Timeless (level 11, -2/86 HPs)
             Began as a Green Draconian Transmuter on May 26, 2019.
             Was a High Priest of Cheibriados.
             Slain by an eight-headed hydra (11 damage)
             ... on level 2 of the Lair of Beasts.
             The game lasted 00:27:20 (14029 turns).

HAL9000 the Timeless (Green Draconian Transmuter)  Turns: 14029, Time: 00:27:20

Health: -2/86      AC:  2    Str: 25    XL:     11   Next: 97%
Magic:  12/29      EV: 28    Int: 27    God:    Cheibriados [*****.]
Gold:   900        SH:  0    Dex: 33    Spells: 1/19 levels left

rFire    . . .     SeeInvis .     - Unarmed
rCold    . . .     Gourm    +   (shield currently unavailable)
rNeg     . . .     Faith    .   (armour unavailable)
rPois    x         Spirit   .   (helmet currently unavailable)
rElec    .         Reflect  .   (cloak currently unavailable)
rCorr    .         Harm     .   (gloves currently unavailable)
MR       .....                  (boots currently unavailable)
Stlth    +++.......             b - amulet of the gourmand
HPRegen  0.24/turn              M - ring of magical power
MPRegen  0.21/turn              g - ring of stealth

@: spider-form, very slow
A: tiny, (breathe noxious fumes), unfitting armour, AC +7
a: End Transformation, Bend Time, Temporal Distortion, Slouch, Step From Time,
Renounce Religion


You were on level 2 of the Lair of Beasts.
You worshipped Cheibriados.
Cheibriados was extremely pleased with you.
You were completely stuffed.
You were a venomous arachnid creature.
You visited 2 branches of the dungeon, and saw 14 of its levels.

You collected 900 gold pieces.

Inventory:

Hand Weapons
 J - the +10 quarterstaff "Ytuell" {holy, +Rage Str+6}
   (You found it on level 7 of the Dungeon)

   It has been blessed by the Shining One to cause great damage to the undead
   and demons.
   It affects your strength (+6).
   It lets you go berserk.
Missiles
 a - 149 arrows
 C - 2 throwing nets
 E - 12 javelins (quivered)
 Q - 3 boomerangs
 R - 8 poisoned darts
Armour
 q - a +0 buckler (melded)
 B - a scarf of cloud immunity (melded)
 P - a +0 pair of boots (melded)
Magical Staves
 s - an uncursed staff of poison
Jewellery
 b - an amulet of the gourmand (around neck)
 g - a ring of stealth (right front leg)
 h - an uncursed ring of ice
 l - an uncursed ring of stealth
 v - an uncursed ring of resist corrosion
 D - an uncursed ring of fire
 M - a ring of magical power (left front leg)
 U - a +2 ring of dexterity {unknown}
Wands
 p - a wand of flame (8)
 G - a wand of iceblast (6)
 L - a wand of disintegration (6)
 N - a wand of clouds (6)
Scrolls
 f - 6 scrolls of teleportation
 m - 4 scrolls of immolation
 r - a scroll of remove curse {unknown}
 x - 3 scrolls of fear {unknown}
 y - 4 scrolls of amnesia {unknown}
 z - a scroll of blinking {unknown}
 F - 2 scrolls of magic mapping {unknown}
 H - a scroll of enchant weapon {unknown}
 O - a scroll of identify
 S - a scroll of fog {unknown}
Potions
 d - 5 potions of heal wounds {unknown}
 e - a potion of lignification
 i - a potion of agility
 j - 3 potions of brilliance
 k - 3 potions of curing
 n - 2 potions of mutation
 o - 2 potions of berserk rage
 t - a potion of cancellation
 u - a potion of degeneration {unknown}
 w - a potion of haste {unknown}
 A - a potion of ambrosia {unknown}
 I - 2 potions of invisibility {unknown}
Miscellaneous
 K - a lightning rod (4/4)
Comestibles
 c - 32 rations


   Skills:
 - Level 5.0 Fighting
 - Level 5.5 Dodging
 - Level 4.0 Shields
 - Level 7.6 Unarmed Combat
 - Level 4.7 Spellcasting
 - Level 9.6 Transmutations
 + Level 1.8 Fire Magic
 - Level 13.0 Invocations


You had one spell level left.
You knew the following spells:

 Your Spells              Type           Power        Failure   Level  Hunger
a - Beastly Appendage     Tmut           ######       1%          1    None
b - Sticks to Snakes      Tmut           ######..     2%          2    None
c - Spider Form           Tmut/Pois      ####......   11%         3    ##.....
d - Blade Hands           Tmut           ######....   13%         5    #####..
e - Blink                 Tloc           N/A          26%         2    None
f - Fireball              Conj/Fire      ##........   92%         5    #####..

Your spell library contained the following spells:

 Spells                   Type           Power        Failure   Level  Hunger
 Flame Tongue             Conj/Fire      ##...        14%         1    None
 Magic Dart               Conj           #...         21%         1    None
 Throw Flame              Conj/Fire      ##....       21%         2    None
 Call Imp                 Summ           #.......     26%         2    None
 Searing Ray              Conj           #.....       26%         2    None
 Slow                     Hex            #.......     26%         2    None
 Ice Form                 Ice/Tmut       ####....     26%         4    ####...
 Conjure Flame            Conj/Fire      ##......     34%         3    ##.....
 Inner Flame              Hex/Fire       ##......     34%         3    ##.....
 Dazzling Spray           Conj/Hex       #.....       43%         3    ##.....
 Mephitic Cloud           Conj/Pois/Air  #.......     43%         3    ##.....
 Sticky Flame             Conj/Fire      ##......     67%         4    ####...
 Force Lance              Conj/Tloc      #.......     78%         4    ####...
 Fulminant Prism          Conj/Hex       #.........   78%         4    ####...
 Iskenderun's Mystic Bla  Conj           #.......     78%         4    ####...


Dungeon Overview and Level Annotations

Branches:
Dungeon (12/15)            Temple (0/1) D:5            Lair (2/6) D:11
 Shoals (0/4) Lair:2
  Snake: Lair:2-4    Spider: Lair:2-4       Orc: D:9-12

Altars:
Cheibriados
Dithmenos
Elyvilon
Fedhas
Hepliaklqana
Kikubaaqudgha
Makhleb
Okawaru
Qazlal
Ru
Trog
Uskayaw
Wu Jian
Yredelemnul

Shops:
D:6 *

Annotations:
D:4 1 runed translucent door
D:11 1 runed translucent door


Innate Abilities, Weirdness & Mutations

((You can breathe blasts of noxious fumes.))
((Your lurid green scales are hard. (AC +7)))
You cannot fit into any form of body armour.
((Your system is resistant to poisons. (rPois)))
((You are cold-blooded and may be slowed by cold attacks.))


Message History

The eight-headed hydra misses you. x3
The eight-headed hydra completely misses you.
The eight-headed hydra closely misses you.
The eight-headed hydra bites you!
* * * LOW HITPOINT WARNING * * *
The eight-headed hydra completely misses you.
The eight-headed hydra bites you!
* * * LOW HITPOINT WARNING * * *
Your adder bites the plant but does no damage.
You hit the eight-headed hydra.
The eight-headed hydra is severely wounded.
Your water moccasin bites the eight-headed hydra.
The eight-headed hydra looks as sick as possible!
Your water moccasin poisons the eight-headed hydra!
Your adder bites the plant but does no damage.
The eight-headed hydra completely misses you.
The eight-headed hydra closely misses you.
The eight-headed hydra barely misses you.
The eight-headed hydra bites you!
You die...

##..................
#P................. .
#....<...........P#.
#..................
P................#
.................#
...............SS##
..............SSSP##
.............##SsS.#
............#####D....#
#.......#### .....#
##....##.# .....#
##...P##### .....#
P#..### ...#.# ....##
..##.(# .....### ..# .#
...>...##


You could see an eight-headed hydra, 2 friendly water moccasins and 5 friendly
adders.

Vanquished Creatures
  Josephine (D:11)
  A two-headed ogre (D:11)
  2 unseen horrors (D:11)
  Pikel (D:7)
  A cyclops (D:10)
  An elephant (D:11)
  2 spiny frogs (Lair:1)
  2 komodo dragons (Lair:1)
  A troll (D:10)
  A snapping turtle (Lair:2)
  2 hippogriffs
  A meliai zombie (D:10)
  A hippogriff (shapeshifter) (D:10)
  A shadow (D:11)
  3 wraiths (D:11)
  A vampire (D:10)
  5 yaks (Lair:1)
  2 wyverns
  2 basilisks (D:11)
  2 water moccasins
  2 porcupines
  3 ice beasts
  3 sky beasts
  2 orc warriors
  2 eyes of draining
  6 ogres
  2 black bears
  3 centaurs
  3 crocodiles
  3 big kobolds
  2 water moccasin zombies (D:6)
  8 bullfrogs
  A wyvern skeleton (D:6)
  7 scorpions
  19 killer bees
  4 wights (D:8)
  2 electric eels (Lair:2)
  2 vampire bats (D:8)
  2 howler monkeys (D:8)
  2 centaur zombies
  7 crimson imps
  3 quasits
  5 hounds
  11 jellies
  5 orc priests
  Crazy Yiuf (D:3)
  12 orc wizards
  3 bullfrog skeletons
  2 centaur skeletons
  3 iguanas
  12 worker ants
  A hound zombie (D:10)
  2 hound skeletons
  4 gnolls
  9 adders
  2 shadow imps
  6 oozes
  4 adder zombies
  4 worms
  A dart slug (D:1)
  13 leopard geckos
  25 orcs
  7 giant cockroaches
  8 goblins
  12 hobgoblins
  13 jackals
  6 quokkas
  5 ball pythons
  13 bats
  3 frilled lizards
  15 kobolds
  A kobold skeleton (D:4)
  A leopard gecko skeleton (D:4)
  A leopard gecko zombie (D:6)
  A quokka skeleton (D:8)
  10 rats
  A butterfly (D:11)
343 creatures vanquished.

Vanquished Creatures (collateral kills)
  A kobold (D:6)
1 creature vanquished.

Vanquished Creatures (others)
  A hound zombie (D:6)
  A howler monkey zombie (D:7)
  2 quokkas
4 creatures vanquished.

Grand Total: 348 creatures vanquished

Notes
Turn   | Place    | Note
-------+----------+-------------------------------------------
     0 | D:1      | HAL9000 the Draconian Transmuter began the quest for the
                  | Orb.
     0 | D:1      | Reached XP level 1. HP: 16/16 MP: 3/3
    68 | D:1      | Reached XP level 2. HP: 17/23 MP: 3/5
   362 | D:1      | Found a snail-covered altar of Cheibriados.
   397 | D:1      | Became a worshipper of Cheibriados the Contemplative
   568 | D:1      | Reached XP level 3. HP: 28/28 MP: 6/6
   920 | D:2      | Learned a level 2 spell: Sticks to Snakes
   924 | D:2      | Learned a level 3 spell: Spider Form
   943 | D:2      | Reached * piety under Cheibriados
   981 | D:2      | Found a burning altar of Makhleb.
  1012 | D:2      | Found an ornate altar of the Wu Jian Council.
  1681 | D:2      | Reached XP level 4. HP: 34/35 MP: 7/7
  1955 | D:3      | Found an iron altar of Okawaru.
  2002 | D:3      | Found a runed translucent door.
  2003 | D:3      | Noticed Crazy Yiuf
  2049 | D:3      | Killed Crazy Yiuf
  2332 | D:3      | Noticed an ogre
  2342 | D:3      | Killed an ogre
  2342 | D:3      | Reached skill level 5 in Unarmed Combat
  2342 | D:3      | Reached XP level 5. HP: 10/40 MP: 4/8
  2685 | D:3      | Noticed a black bear
  2693 | D:3      | Killed a black bear
  2693 | D:3      | Reached XP level 6. HP: 40/47 MP: 5/9
  2985 | D:4      | Reached ** piety under Cheibriados
  3244 | D:4      | Reached skill level 5 in Transmutations
  3437 | D:4      | Found a shadowy altar of Dithmenos.
  3626 | D:4      | Found a runed translucent door.
  3626 | D:4      | Noticed a human
  3629 | D:4      | Found a basalt altar of Yredelemnul.
  3823 | D:5      | Entered Level 5 of the Dungeon
  4003 | D:5      | Found a staircase to the Ecumenical Temple.
  4100 | D:5      | Your scales start taking on a lurid green colour.
  4100 | D:5      | Reached XP level 7. HP: 51/52 MP: 10/10
  4100 | D:5      | Gained mutation: Your system is resistant to poisons.
                  | (rPois) [Green Draconian growth]
  4198 | D:5      | Reached *** piety under Cheibriados
  5336 | D:6      | Reached XP level 8. HP: 40/59 MP: 1/11
  5337 | D:6      | Found Ynumoum's General Store.
  5430 | D:6      | Learned a level 5 spell: Blade Hands
  5566 | D:6      | Reached **** piety under Cheibriados
  6325 | D:6      | Found a white marble altar of Elyvilon.
  6520 | D:6      | Found a bloodstained altar of Trog.
  6572 | D:6      | Found a hazy altar of Hepliaklqana.
  6665 | D:7      | Reached XP level 9. HP: 68/68 MP: 0/12
  6868 | D:7      | Found a hide-covered altar of Uskayaw.
  6882 | D:7      | Noticed a +0 hand axe
  6882 | D:7      | Noticed a +0 dagger
  6890 | D:7      | Noticed Pikel
  6896 | D:7      | Killed Pikel
  7240 | D:7      | Found a blossoming altar of Fedhas.
  7240 | D:7      | Found a sacrificial altar of Ru.
  7382 | D:7      | Reached ***** piety under Cheibriados
  7515 | D:7      | Got a smoking quarterstaff
  7520 | D:7      | Identified the +10 quarterstaff "Ytuell" {holy, +Rage
                  | Str+6} (You found it on level 7 of the Dungeon)
  7879 | D:8      | Reached skill level 5 in Dodging
  8359 | D:8      | Found an ancient bone altar of Kikubaaqudgha.
  8368 | D:8      | Found a stormy altar of Qazlal.
  8371 | D:8      | Found a basalt altar of Yredelemnul.
  8402 | D:8      | Reached skill level 1 in Invocations
  8573 | D:8      | Reached skill level 2 in Invocations
  8575 | D:8      | Reached skill level 3 in Invocations
  8727 | D:8      | Reached skill level 4 in Invocations
  8732 | D:8      | Reached skill level 5 in Fighting
  9008 | D:8      | Reached XP level 10. HP: 81/81 MP: 7/13
  9133 | D:8      | Reached skill level 1 in Shields
  9791 | D:10     | Entered Level 10 of the Dungeon
  9823 | D:10     | Reached ****** piety under Cheibriados
  9832 | D:10     | Reached skill level 5 in Invocations
 10087 | D:10     | Reached skill level 6 in Invocations
 10089 | D:10     | Noticed a cyclops
 10096 | D:10     | Reached skill level 7 in Invocations
 10107 | D:10     | Killed a cyclops
 10145 | D:10     | Reached skill level 8 in Invocations
 10513 | D:10     | Reached skill level 9 in Invocations
 10810 | D:10     | Learned a level 2 spell: Blink
 11143 | D:11     | Killed an unseen horror
 11143 | D:11     | Reached skill level 10 in Invocations
 11143 | D:11     | Reached XP level 11. HP: 73/86 MP: 18/18
 11143 | D:11     | Killed an unseen horror
 11340 | D:11     | Found a staircase to the Lair.
 11356 | D:11     | Reached skill level 11 in Invocations
 11599 | D:11     | Found a runed translucent door.
 11602 | D:11     | Found a runed translucent door.
 11757 | D:11     | Noticed Josephine
 11763 | D:11     | Killed Josephine
 11763 | D:11     | Reached skill level 12 in Invocations
 11817 | D:11     | Noticed a two-headed ogre
 11822 | D:11     | Killed a two-headed ogre
 12199 | Lair:1   | Entered Level 1 of the Lair of Beasts
 12228 | Lair:1   | Reached skill level 13 in Invocations
 12927 | Lair:1   | Learned a level 5 spell: Fireball
 13497 | Lair:2   | Found a staircase to the Shoals.
 13508 | Lair:2   | Reached skill level 1 in Fire Magic
 14015 | Lair:2   | Noticed an eight-headed hydra
 14029 | Lair:2   | Slain by an eight-headed hydra

Levels and vault maps discovered:
D:1:      dpeg_arrival_concentric_ovals, layout_loops_corners,
          cheibriados_altar_1
D:2:      layout_basic, nicolae_overflow_crystal_walls, old_standard_altar
D:3:      wad_pebble_path, layout_loops_ring, lemuel_doored_altar, first_ration,
          minmay_distorted, uniq_crazy_yiuf_cottage
D:4:      minmay_skewed_foursquare, layout_basic, grunt_dithmenos_shadows,
          dk_yredelemnul_ordeal
D:5:      layout_rooms, minmay_temple_entry_hall
D:6:      cheibrodos_thug_alley, layout_cave_pools,
          lemuel_coloured_pillars_altar, kennysheep_mini_moat, elyvilon_altar_4,
          serial_shops, shop, minmay_misc_feat_room,
          hangedman_decor_peaks_small, minmay_statues_item
D:7:      layout_basic, dancing_weapons_uskayaw, gammafunk_temple_overflow_wave,
          uniq_pikel
D:8:      layout_basic, nicolae_overflow_hidden_temple,
          hangedman_little_slice_of_home, roderic_batcave
D:9:      layout_cross, minmay_misc_feat_enclosed
D:10:     layout_loops_cross, minmay_pinched_square
D:11:     lemuel_insect_pit, layout_rooms, david_lair_generic, uniq_josephine
D:12:     layout_cave_pods, orc_0_dummy, serial_shops, shop,
          nicolae_shop_temple_entry_statues_fountains, shop_fountains,
          gauntlet_entry_generic
Lair:1:   layout_hall_layers
Lair:2:   layout_cave_pods, minmay_shoals_entry_hut, serial_bayou_ford_a,
          infiniplex_staircase_pool_2

Skill      XL: |  1  2  3  4  5  6  7  8  9 10 11 |
---------------+----------------------------------+-----
Unarmed Combat | 4 5 7 |  7.6
Transmutations | 3 4 6 8 9 |  9.6
Fighting       | 2 5 |  5.0
Dodging        | 5 |  5.5
Invocations    | 4 10 13 | 13.0
Shields        | 4 |  4.0
Spellcasting   | 4 |  4.7
Fire Magic     | 1 |  1.8

Action                   |  1- 3 |  4- 6 |  7- 9 | 10-12 || total
-------------------------+-------+-------+-------+-------++-------
Melee: Unarmed           |   141 |   158 |   350 |   268 ||   917
       Kick              |     3 |       |     3 |       ||     6
       Tailslap          |    14 |    21 |    67 |    55 ||   157
       Punch             |     2 |     3 |    13 |     8 ||    26
       Headbutt          |     1 |       |       |       ||     1
       Staff             |       |       |       |     2 ||     2
Throw: Throwing net      |       |       |       |     1 ||     1
       Javelin           |       |       |       |     1 ||     1
 Cast: Beastly Appendage |     5 |       |     1 |       ||     6
       Spider Form       |     1 |     6 |     9 |     2 ||    18
       Sticks to Snakes  |       |       |     2 |     8 ||    10
       Blade Hands       |       |       |     9 |    26 ||    35
Invok: Slouch            |       |       |     1 |     5 ||     6
 Abil: Breathe Noxious F |       |       |     8 |     2 ||    10
       End Transformatio |       |       |     1 |       ||     1
  Use: Scroll            |       |       |     1 |     8 ||     9
       Potion            |       |       |       |     1 ||     1
 Stab: Sleeping          |     6 |     6 |     8 |     4 ||    24
       Distracted        |     1 |     1 |     1 |       ||     3
       Confused          |       |       |     3 |     1 ||     4
  Eat: Chunk             |     2 |     4 |    13 |    27 ||    46
Armor: Skin              |    46 |    42 |   100 |    52 ||   240
Dodge: Dodged            |    94 |    97 |   340 |   274 ||   805
Block: Buckler           |       |       |       |    35 ||    35

Table legend:
 A = Non-vault XP
 B = Vault XP
 C = Vault XP percentage of total XP
 D = Non-vault monster count
 E = Vault monster count
 F = Vault count percentage of total count
                 A         B        C        D         E       F
            +---------+---------+-------+---------+---------+-------
      Total |   15079 |    6460 |  30.0 |     272 |      71 |  20.7
            +---------+---------+-------+---------+---------+-------
        D:1 |      52 |       0 |   0.0 |      31 |       0 |   0.0
        D:2 |      47 |       0 |   0.0 |      19 |       0 |   0.0
        D:3 |     260 |      41 |  13.6 |      12 |       2 |  14.3
        D:4 |     252 |      25 |   9.0 |      22 |       6 |  21.4
        D:5 |     459 |       0 |   0.0 |      18 |       0 |   0.0
        D:6 |    1200 |     206 |  14.7 |      28 |      12 |  30.0
        D:7 |     913 |     641 |  41.2 |      20 |       1 |   4.8
        D:8 |    1502 |     288 |  16.1 |      41 |      15 |  26.8
        D:9 |     917 |       0 |   0.0 |      14 |       0 |   0.0
       D:10 |    2000 |    1707 |  46.0 |      28 |      13 |  31.7
       D:11 |    3822 |    3284 |  46.2 |      21 |      21 |  50.0
     Lair:1 |    3259 |       0 |   0.0 |      14 |       0 |   0.0
     Lair:2 |     396 |     268 |  40.4 |       4 |       1 |  20.0
            +---------+---------+-------+---------+---------+-------
